 Dungeon Crawl Stone Soup version 0.26-a0-264-g3a471323bd (webtiles) character file.

Game seed: 17911485683210871746

314 BritishOli the Skirmisher (level 6, 6/49 HPs)
             Began as a Demonspawn Fighter on July 11, 2020.
             Quit the game on level 3 of the Dungeon.
             The game lasted 00:03:23 (2971 turns).

BritishOli the Skirmisher (Demonspawn Fighter)      Turns: 2971, Time: 00:03:24

Health: 6/49       AC:  9    Str: 18    XL:     6   Next: 19%
Magic:  6/6        EV:  7    Int:  9    God:
Gold:   115        SH: 10    Dex: 13    Spells: 5/5 levels left

rFire    + . .     SeeInvis .   a - +0 long sword
rCold    . . .     Faith    .   c - +1 kite shield
rNeg     . . .     Spirit   +   b - +0 scale mail
rPois    .         Reflect  .   (helmet restricted)
rElec    .         Harm     .   (no cloak)
rCorr    .                      (no gloves)
MR       +....                  (no boots)
Stlth    ..........             (no amulet)
HPRegen  0.16/turn              e - ring of protection from magic
MPRegen  0.10/turn              o - ring of attention (curse)

@: no status effects
A: horns 2, thin metallic scales 1, fire resistance 1, magic shield
a: no special abilities


You were on level 3 of the Dungeon.
You were not hungry.

You visited 1 branch of the dungeon, and saw 3 of its levels.

You collected 115 gold pieces.

Inventory:

Hand Weapons
 a - a +0 long sword (weapon)
Missiles
 l - 4 javelins (quivered)
Armour
 b - a +0 scale mail (worn)
 c - a +1 kite shield (worn)
Jewellery
 e - a ring of protection from magic (left hand)
 o - a cursed ring of attention (right hand)
 u - a +6 ring of dexterity {unknown}
Scrolls
 g - 2 scrolls of enchant armour
 h - a scroll of teleportation
 m - a scroll of enchant weapon {unknown}
 q - a scroll of blinking {unknown}
 r - a scroll of amnesia
 t - 2 scrolls of identify {unknown}
 v - a scroll of remove curse {unknown}
Potions
 d - a potion of might
 i - 2 potions of degeneration {unknown}
 j - a potion of flight {unknown}
 k - a potion of heal wounds {unknown}
 n - 2 potions of curing {unknown}
 p - a potion of cancellation {unknown}
 s - a potion of lignification {unknown}
Comestibles
 f - 8 rations


   Skills:
 + Level 4.3 Fighting
 + Level 3.2 Long Blades
 + Level 3.9 Armour
 + Level 3.9 Shields


You had 5 spell levels left.
You didn't know any spells.
Your spell library was empty.

Dungeon Overview and Level Annotations

Branches:
Dungeon (3/15)

Altars:
Qazlal
Trog
Wu Jian


Innate Abilities, Weirdness & Mutations

You have a pair of horns on your head.
You are partially covered in thin metallic scales. (AC +2)
Your flesh is heat resistant. (rF+)
When hurt, damage is shared between your health and your magic reserves.


Message History

The hobgoblin hits you but does no damage.
You block the big kobold's attack. The kobold hits you but does no damage.
Unknown command.
You slash the big kobold!
You kill the big kobold!
You have reached level 6!
Your experience leads to an increase in your attributes!
Increase (S)trength, (I)ntelligence, or (D)exterity?
You feel stronger.
Your demonic ancestry asserts itself...
You feel your magical essence form a protective shroud around your flesh.
You block the hobgoblin's attack. The big kobold completely misses you.
You block the kobold's attack.
You hit the hobgoblin. You headbutt the hobgoblin.
You kill the hobgoblin!
A kobold comes into view. It is wielding a +0 club.
You block the big kobold's attack. The kobold hits you but does no damage.
The kobold throws a stone.
You block the stone.
Things that are here:
a stone; a +0 club Are you sure you want to abandon this character and quit the game? (Confirm with "yes".)

############## ########
......)#.....## ##......#
......)'......###.(..)..#
########.......#@K..(...##+
#..............#.(...(.....#
+..............(K).........#
#..............#.......K...#
########..))(..#........##'#
......)'....).###.......# $
.......#.....## ##......#
############## ########
≈≈≈≈≈≈≈≈≈


You could see a big kobold and 2 kobolds.

Vanquished Creatures
  2 big kobolds (D:3)
  A scorpion (D:3)
  2 gnolls (D:3)
  3 adders
  A worm (D:2)
  A leopard gecko (D:1)
  An orc (D:3)
  8 bats
  A giant cockroach (D:1)
  12 hobgoblins
  2 jackals (D:1)
  A quokka (D:3)
  A ball python (D:1)
  2 frilled lizards (D:2)
  4 goblins
  27 kobolds
  10 rats
79 creatures vanquished.

Notes
Turn   | Place    | Note
-------+----------+-------------------------------------------
     0 | D:1      | BritishOli the Demonspawn Fighter began the quest for the
                  | Orb.
     0 | D:1      | Reached XP level 1. HP: 18/18 MP: 1/1
   401 | D:1      | Gained mutation: Your flesh is heat resistant. (rF+)
                  | [demonic ancestry]
   401 | D:1      | Reached XP level 2. HP: 24/24 MP: 2/2
  1163 | D:2      | Gained mutation: You are partially covered in thin metallic
                  | scales. (AC +2) [demonic ancestry]
  1163 | D:2      | Reached XP level 3. HP: 28/29 MP: 3/3
  2231 | D:3      | Noticed a scorpion
  2242 | D:3      | Killed a scorpion
  2242 | D:3      | Gained mutation: You have a pair of small horns on your
                  | head. [demonic ancestry]
  2242 | D:3      | Reached XP level 4. HP: 16/37 MP: 4/4
  2460 | D:3      | Found a bloodstained altar of Trog.
  2536 | D:3      | Noticed a big kobold
  2606 | D:3      | Found an ornate altar of the Wu Jian Council.
  2606 | D:3      | Found a stormy altar of Qazlal.
  2647 | D:3      | Killed a big kobold
  2647 | D:3      | Reached skill level 4 in Fighting
  2647 | D:3      | Gained mutation: You have a pair of horns on your head.
                  | [demonic ancestry]
  2647 | D:3      | Reached XP level 5. HP: 39/42 MP: 5/5
  2967 | D:3      | Gained mutation: When hurt, damage is shared between your
                  | health and your magic reserves. [demonic ancestry]
  2967 | D:3      | Reached XP level 6. HP: 6/48 MP: 6/6
  2971 | D:3      | Quit the game

Illustrated notes

Levels and vault maps discovered:
D:1:      lemuel_arrival_broad_hall, layout_basic, minmay_unequal
D:2:      layout_basic, first_ration
D:3:      minmay_goblin_kobold_castle, layout_basic,
          nicolae_overflow_crystal_walls, grunt_temple_overflow_open,
          overflow_temple_1_default

Skill      XL: |  1  2  3  4  5 |
---------------+----------------+-----
Long Blades    | 2 3 |  3.2
Armour         | 3 |  3.9
Shields        | 3 |  3.9
Fighting       | 4 |  4.3

Action                   |  1- 3 |  4- 6 || total
-------------------------+-------+-------++-------
Melee: Long sword        |   155 |   123 ||   278
       Headbutt          |       |    20 ||    20
  Use: Scroll            |       |     3 ||     3
  Eat: Ration            |     2 |       ||     2
Armor: Scale mail        |    96 |    74 ||   170
Dodge: Dodged            |    73 |    66 ||   139
Block: Kite shield       |    96 |    97 ||   193
       Rpst.: Long sword |    26 |    16 ||    42

Table legend:
 A = Non-vault XP
 B = Vault XP
 C = Vault XP percentage of total XP
 D = Non-vault monster count
 E = Vault monster count
 F = Vault count percentage of total count
                 A         B        C        D         E       F
            +---------+---------+-------+---------+---------+-------
      Total |     178 |     271 |  60.4 |      47 |      31 |  39.7
            +---------+---------+-------+---------+---------+-------
        D:1 |      23 |       3 |  11.5 |      14 |       2 |  12.5
        D:2 |      43 |       0 |   0.0 |      19 |       0 |   0.0
        D:3 |     112 |     268 |  70.5 |      14 |      29 |  67.4
            +---------+---------+-------+---------+---------+-------
